 Dungeon Crawl Stone Soup version 0.27-a0-1273-gec92ba881d (webtiles) character file.

Game seed: 13093324932506666946

468 deletemesenpai the Chopper (level 7, -1/60 HPs)
             Began as a Hill Orc Fighter on June 11, 2021.
             Was an Initiate of Beogh.
             Slain by an orc warrior
             ... wielding a +0 dire flail
              (17 damage)
             ... on level 3 of the Dungeon.
             The game lasted 00:11:21 (3592 turns).

deletemesenpai the Chopper (Hill Orc Fighter)       Turns: 3592, Time: 00:11:22

Health: -1/60      AC: 11    Str: 21    XL:     7   Next: 8%
Magic:  7/7        EV:  5    Int:  8    God:    Beogh [......]
Gold:   19         SH:  9    Dex: 10    Spells: 6/6 levels left

rFire    . . .     SeeInvis .   m - +0 hand axe (venom)
rCold    . . .     Faith    .   c - +0 kite shield
rNeg     . . .     Spirit   .   i - +0 chain mail
rPois    .         Reflect  .   e - +0 helmet
rElec    .         Harm     .   h - scarf {repulsion}
rCorr    .         Rampage  .   (no gloves)
Will     .....                  (no boots)
Stlth    ..........             (no amulet)
HPRegen  0.20/turn              (no ring)
MPRegen  0.10/turn              (no ring)

@: repel missiles
A: no striking features
a: Renounce Religion


You were on level 3 of the Dungeon.
You worshipped Beogh.
Beogh was noncommittal.
You visited 1 branch of the dungeon, and saw 4 of its levels.

You collected 119 gold pieces.
You spent 100 gold pieces at shops.

Inventory:

Hand Weapons
 a - a +0 war axe
 m - a +0 hand axe of venom (weapon)
Missiles
 t - 9 poisoned darts (quivered)
Armour
 c - a +0 kite shield (worn)
 e - a +0 helmet (worn)
 h - a scarf of repulsion (worn)
 i - a +0 chain mail (worn)
Magical Staves
 q - a staff of earth
Wands
 p - a wand of flame (14)
Scrolls
 f - 2 scrolls of identify {unknown}
 j - 2 scrolls of magic mapping {unknown}
 o - a scroll of acquirement {unknown}
 r - a scroll of fear {unknown}
Potions
 b - a potion of heal wounds {unknown}
 d - a potion of might
 g - a potion of berserk rage {unknown}
 k - 2 potions of flight
 l - a potion of attraction {unknown}
 n - a potion of curing
 s - a potion of ambrosia {unknown}


   Skills:
 + Level 4.8 Fighting
 * Level 6.6 Axes
 + Level 5.0 Armour
 + Level 4.8 Shields


You had 6 spell levels left.
You didn't know any spells.
Your spell library contained the following spells:

 Spells                   Type           Power      Damage    Failure   Level
 Animate Skeleton         Necr           0%         N/A       100%        1
 Pain                     Necr           0%         1d4       100%        1
 Vampiric Draining        Necr           0%         2d6       100%        3
 Animate Dead             Necr           0%         N/A       100%        4
 Agony                    Necr           0%         N/A       100%        5


Dungeon Overview and Level Annotations

Branches:
Dungeon (4/15)
 Temple: D:4-7

Altars:
Vehumet

Shops:
D:4 !*(


Message History

The orc wizard gestures wildly while chanting.
The orc wizard flickers and vanishes!
Deactivating autopickup; reactivate with Ctrl-A.
There is a stone staircase leading up here.
The orc barely misses you.
The orc warrior hits you with a +0 dire flail!
You climb upwards.
Reactivating autopickup.
There is a stone staircase leading down here.
The orc hits you but does no damage.
You hit the orc warrior but do no damage.
The orc warrior is poisoned.
You closely miss the orc. You block the orc's attack.
The orc warrior hits you with a +0 dire flail!
* * * LOW HITPOINT WARNING * * *
You feel better. The orc hits you but does no damage.
The orc warrior hits you with a +0 dire flail!
* * * LOW HITPOINT WARNING * * *
The orc hits you with a +0 mace.
* * * LOW HITPOINT WARNING * * *
You feel better. The orc hits you with a +0 mace.
* * * LOW HITPOINT WARNING * * *
The orc warrior hits you but does no damage.
You completely miss the orc warrior.
The orc warrior is severely wounded.
You closely miss the orc. The orc hits you but does no damage.
The orc warrior barely misses you. You block the orc's attack.
The orc warrior looks more healthy.
You hit the orc but do no damage.
You hit the orc warrior but do no damage.
The orc warrior is poisoned.
You block the orc warrior's attack. You block the orc's attack.
You feel better.
The orc warrior hits you with a +0 dire flail!
* * * LOW HITPOINT WARNING * * *
You block the orc's attack.
You barely miss the orc. You closely miss the orc warrior.
The orc warrior hits you with a +0 dire flail!
You die...
Beogh appreciates the orc warrior's killing of a heretic priest.

#........# #.# #........# #.#
#........# #.#
###############........# #.#####
.).....................# #......
..................###############
..................###............
...............o.................
...............o@.#...#########..
..................#.### #.#
..................#.###########.#
......>..........................
.........#.########.###########.#
##########.##...(.#.# #.#
...........##.###.#.####### #.#
#############...#.#.##....# #.#
#####.#.#.##....#####.#


You could see an orc warrior (very poisoned) and an orc.

Vanquished Creatures
  2 black bears
  A howler monkey (D:4)
  3 orc wizards
  8 adders
  A worm (D:2)
  3 dart slugs
  6 orcs
  5 bats
  5 endoplasms
  2 giant cockroaches (D:1)
  8 hobgoblins
  8 jackals (D:2)
  6 kobolds
  3 quokkas (D:1)
  8 ball pythons
  7 frilled lizards
  6 goblins
  4 rats
86 creatures vanquished.

Notes
Turn   | Place    | Note
-------+----------+-------------------------------------------
     0 | D:1      | deletemesenpai the Hill Orc Fighter began the quest for the
                  | Orb.
     0 | D:1      | Reached XP level 1. HP: 19/19 MP: 1/1
   191 | D:1      | Reached XP level 2. HP: 27/27 MP: 2/2
   432 | D:1      | Reached skill level 3 in Axes
   683 | D:1      | Reached XP level 3. HP: 33/33 MP: 3/3
  1292 | D:2      | Reached XP level 4. HP: 38/40 MP: 4/4
  1416 | D:2      | Found a faded altar of an unknown god.
  1511 | D:2      | Reached skill level 4 in Axes
  1750 | D:2      | Reached XP level 5. HP: 46/46 MP: 5/5
  1906 | D:2      | Found a radiant altar of Vehumet.
  2214 | D:3      | Noticed a black bear
  2264 | D:3      | Killed a black bear
  2265 | D:3      | Reached skill level 5 in Axes
  2405 | D:3      | Reached XP level 6. HP: 53/53 MP: 6/6
  3056 | D:4      | Found Tavoupp's Distillery.
  3059 | D:4      | Found Udog's General Store.
  3067 | D:4      | Bought 2 potions of curing for 60 gold pieces
  3067 | D:4      | Bought a potion of flight for 30 gold pieces
  3067 | D:4      | Bought a potion of degeneration for 10 gold pieces
  3143 | D:4      | Noticed a black bear
  3153 | D:4      | Became a worshipper of Beogh the Brigand
  3156 | D:4      | Killed a black bear
  3157 | D:4      | Reached skill level 6 in Axes
  3175 | D:4      | Found Giadaq's Antique Weapon Shoppe.
  3391 | D:4      | Reached XP level 7. HP: 60/60 MP: 7/7
  3567 | D:4      | Reached skill level 5 in Armour
  3592 | D:3      | Slain by an orc warrior

Illustrated notes

Levels and vault maps discovered:
D:1:      psy_arrival_heroes, layout_basic, moated_statue,
          minmay_misc_feat_four_crosses
D:2:      layout_rooms, basic_altar, basic_ecumenical_altar
D:3:      layout_basic, hangedman_abyss_or_decor_lesser_grid
D:4:      layout_loops_corners, serial_shops, shop, nicolae_shop_crystal, shop,
          nicolae_shop_behind_doors, kennysheep_mini,
          chequers_serial_rivers_large_b, wad_floor_pattern_untrapped,
          kennysheep_generic_room_13

Skill      XL: |  1  2  3  4  5  6  7 |
---------------+----------------------+-----
Axes           | 3 4 5 6 |  6.6
Fighting       | 4 |  4.8
Shields        | 4 |  4.8
Armour         | 4 5 |  5.0

Action                   |  1- 3 |  4- 6 |  7- 9 || total
-------------------------+-------+-------+-------++-------
Melee: War axe           |   119 |    26 |       ||   145
       Hand axe          |       |   133 |    10 ||   143
Throw: Dart              |       |       |     4 ||     4
Invok: Convert to Beogh  |       |     1 |       ||     1
  Use: Potion            |       |       |     3 ||     3
Armor: Scale mail        |    67 |       |       ||    67
       Chain mail        |    55 |   116 |     7 ||   178
Dodge: Dodged            |    46 |    40 |     7 ||    93
Block: Kite shield       |    94 |    90 |     8 ||   192

Table legend: (Time is in decaauts)
 A = Elapsed time spent in this place.
 B = Non-inter-level travel time spent in this place.
 C = Inter-level travel time spent in this place.
 D = Time resting spent in this place.
 E = Time spent auto-exploring this place.
 F = Levels seen in this place.
 G = Mean time per level.
                   A        B        C        D        E       F      G
               +--------+--------+--------+--------+--------+-----+--------+
         Total |   3715 |   3619 |     96 |    591 |   1866 |   4 |  928.8 |
       Dungeon |   3715 |   3619 |     96 |    591 |   1866 |   4 |  928.8 |
               +--------+--------+--------+--------+--------+-----+--------+

Top non-repeatable levels by time:
     D:1: 1262 daAuts
     D:3: 1086 daAuts
     D:2: 829 daAuts
     D:4: 536 daAuts
